 Dungeon Sprint DCSS version 0.28-a0-1506-g3893175d92 (webtiles) character file.

Game seed: 10316326576270387171

9846 tatocazan the Peltast (level 11, -5/83 HPs)
             Began as a Gargoyle Fighter on Jan 13, 2022.
             Was the Champion of Okawaru.
             Slain by an orc knight (20 damage)
             ... in the Dungeon (Sprint IX: "|||||||||||||||||||||||||||||").
             The game lasted 00:05:03 (3317 turns).

tatocazan the Peltast (Gargoyle Fighter)            Turns: 3317, Time: 00:05:03

Health: -5/83      AC: 21    Str: 24    XL:     11   Next: 52%
Magic:  3/3        EV: 12    Int:  9    God:    Okawaru [******]
Gold:   39         SH: 13    Dex: 12    Spells: 10/10 levels left

rFire   + + .      SeeInvis .   c - +3 mace of the Philosopher {antimagic, rPois rF++}
rCold   . . .      Faith    .   f - +0 kite shield
rNeg    + . .      Spirit   .   i - +2 ring mail
rPois   ∞          Reflect  .   e - +0 hat {Will+}
rElec   +          Harm     .   q - +0 cloak
rCorr   .          Rampage  .   (no gloves)
Will    +....      NoTele   +   r - +0 pair of boots
Stlth   +.........              (no amulet)
HPRegen 0.23/turn               o - +2 ring of evasion
MPRegen 0.08/turn               p - +3 ring of dexterity

@: no status effects
A: sickness immunity, AC +8, negative energy resistance 1, electricity
resistance, torment resistance 1, petrification resistance
a: Renounce Religion, Heroism, Finesse


You were in the Dungeon.
You worshipped Okawaru.
Okawaru was exalted by your worship.
You visited 1 branch You collected 39 gold pieces.

Inventory:

Hand Weapons
 a - a +0 flail
 c - the +3 mace of the Philosopher (weapon) {antimagic, rPois rF++}
   (Okawaru gifted it to you in the Dungeon)

   It reduces the magical energy of the wielder, and disrupts the spells and
   magical abilities of those it strikes.
   Natural abilities and divine invocations are not affected.
   rF:        It greatly protects you from fire.
   rPois:     It protects you from poison.
 n - a +2 vorpal dire flail
Missiles
 b - 3 boomerangs of dispersal
 d - 3 atropa-tipped darts (quivered)
Armour
 e - a +0 hat of willpower (worn)
 f - a +0 kite shield (worn)
 i - a +2 ring mail (worn)
 q - a +0 cloak (worn)
 r - a +0 pair of boots (worn)
Jewellery
 o - a +2 ring of evasion (left hand)
 p - a +3 ring of dexterity (right hand)
Wands
 m - a wand of acid (2)
Scrolls
 j - a scroll of blinking
 l - 2 scrolls of amnesia
 w - 2 scrolls of enchant weapon
 x - a scroll of identify
 y - a scroll of fog
 z - 2 scrolls of enchant armour
Potions
 h - 4 potions of magic
 k - a potion of brilliance
 s - 3 potions of might
 t - a potion of mutation
 u - a potion of berserk rage


   Skills:
 + Level 15.7 Fighting
 + Level 14.3 Maces & Flails
 + Level 15.7 Armour
 + Level 15.7 Shields


You had 10 spell levels left.
You didn't know any spells.
Your spell library contained the following spells:

 Spells                   Type           Power      Damage    Failure   Level
 Disjunction              Tloc           0%         N/A       100%        8
 Summon Guardian Golem    Hex/Summ       Unusable   N/A       N/A         3
 Summon Mana Viper        Hex/Summ       Unusable   N/A       N/A         5

Dungeon Overview and Level Annotations

Branches:
Dungeon (1/1)

Altars:
Cheibriados
Dithmenos
Elyvilon
Fedhas
Gozag
Hepliaklqana
Kikubaaqudgha
Makhleb
Nemelex Xobeh
Okawaru
Qazlal
Ru
Sif Muna
Trog
Uskayaw
Vehumet
Wu Jian
Xom
Yredelemnul
Zin
The Shining One
Beogh
Jiyva
Lugonu


Innate Abilities, Weirdness & Mutations

You are immune to sickness and miasma.
Your stone body is resilient. (AC +8)
You are immune to poison.
You resist negative energy. (rN+)
You are resistant to electric shocks. (rElec)
You are resistant to unholy torment.
You are immune to petrification.


Message History

You barely miss the orc knight.
The orc knight is moderately wounded.
You hit the orc knight.
The orc knight is heavily wounded.
The orc knight hits you with a +0 great sword!
You take 15 damage, and have 46/83 hp.
You are too injured to fight recklessly!
You are too injured to fight recklessly!
You are too injured to fight recklessly!
You are too injured to fight recklessly!
You barely miss the orc knight.
The orc knight is heavily wounded.
You block the orc knight's attack.
You sock the orc knight!
The orc knight is heavily wounded.
The orc knight hits you with a +0 great sword.
You take 1 damage, and have 45/83 hp.
You hit the orc knight.
The orc knight is heavily wounded.
The orc knight completely misses you.
You hit the orc knight.
The orc knight is heavily wounded.
You thump the orc knight!
The orc knight is severely wounded.
The orc knight hits you with a +0 great sword.
You take 4 damage, and have 42/83 hp.
You hit the orc knight but do no damage.
The orc knight is severely wounded.
The orc knight hits you with a +0 great sword!!
* * * LOW HITPOINT WARNING * * *
You take 26 damage, and have 16/83 hp.
MASSIVE DAMAGE!!
You barely miss the orc knight.
The orc knight is severely wounded.
The orc knight hits you with a +0 great sword.
* * * LOW HITPOINT WARNING * * *
You take 1 damage, and have 15/83 hp.
You hit the orc knight but do no damage.
The orc knight is severely wounded.
The orc knight hits you with a +0 great sword!!
You die...

▓▓▓▓▓▓▓▓▓▓▓▓▓▓▓▓▓▓▓▓▓▓▓▓▓▓▓▓▓▓▓▓▓
......)......)..'________________
▓▓▓▓▓▓▓▓▓▓▓▓▓▓▓▓▓▓▓▓▓▓▓▓▓▓▓▓▓▓▓▓▓
.................................
▓▓▓▓▓▓▓▓▓▓▓▓▓▓▓▓▓▓▓▓▓▓▓▓▓▓▓▓▓▓▓▓▓
[..'[.).........'.........'......
▓▓▓▓▓▓▓▓▓▓▓▓▓▓▓▓▓▓▓▓▓▓▓▓▓▓▓▓▓▓▓▓▓
................@o...............
▓▓▓▓▓▓▓▓▓▓▓▓▓▓▓▓▓▓▓▓▓▓▓▓▓▓▓▓▓▓▓▓▓


You could see an orc knight.

Vanquished Creatures
  Gastronok (D)
  2 centaur warriors (D)
  8 elephants (D)
  A black mamba (D)
  3 cane toads (D)
  A komodo dragon (D)
  2 rime drakes (D)
  2 trolls (D)
  A polar bear (D)
  A tarantella (shapeshifter) (D)
  A blink frog (D)
  2 shadows (D)
  A basilisk (D)
  3 yaks (D)
  An acid dragon (D)
  6 water moccasins (D)
  A phantom (D)
  A kobold brigand (D)
  A gnoll sergeant (D)
  2 hounds (D)
  An iguana (D)
  An adder zombie (D)
  2 goblins (D)
  A hobgoblin (D)
  A jackal (D)
  2 quokkas (D)
49 creatures vanquished.

Notes
Turn   | Place    | Note
-------+----------+-------------------------------------------
     0 | D        | tatocazan the Gargoyle Fighter began the quest for the Orb.
     0 | D        | Reached XP level 1. HP: 14/14 MP: 1/1
    17 | D        | Reached XP level 2. HP: 17/20 MP: 2/2
    69 | D        | Noticed a phantom
    92 | D        | Killed a phantom
    93 | D        | Reached skill level 5 in Fighting
    93 | D        | Reached skill level 5 in Armour
    93 | D        | Reached skill level 5 in Shields
    93 | D        | Reached XP level 3. HP: 26/26 MP: 3/3
    93 | D        | Reached XP level 4. HP: 31/31 MP: 4/4
   110 | D        | Reached skill level 5 in Maces & Flails
   110 | D        | Reached XP level 5. HP: 22/36 MP: 5/5
   252 | D        | Found a snail-covered altar of Cheibriados.
   252 | D        | Found a shadowy altar of Dithmenos.
   252 | D        | Found a white marble altar of Elyvilon.
   252 | D        | Found a blossoming altar of Fedhas.
   252 | D        | Found an opulent altar of Gozag.
   253 | D        | Found a hazy altar of Hepliaklqana.
   254 | D        | Found a viscous altar of Jiyva.
   255 | D        | Found an ancient bone altar of Kikubaaqudgha.
   256 | D        | Found a corrupted altar of Lugonu.
   257 | D        | Found a burning altar of Makhleb.
   258 | D        | Found a sparkling altar of Nemelex Xobeh.
   259 | D        | Found an iron altar of Okawaru.
   260 | D        | Found a stormy altar of Qazlal.
   261 | D        | Found a sacrificial altar of Ru.
   262 | D        | Found a shimmering blue altar of Sif Muna.
   263 | D        | Found a bloodstained altar of Trog.
   264 | D        | Found a hide-covered altar of Uskayaw.
   265 | D        | Found a radiant altar of Vehumet.
   266 | D        | Found an ornate altar of the Wu Jian Council.
   267 | D        | Became a worshipper of Warmaster Okawaru
   268 | D        | Found a shimmering altar of Xom.
   269 | D        | Found a basalt altar of Yredelemnul.
   270 | D        | Found a glowing silver altar of Zin.
   271 | D        | Found a glowing golden altar of the Shining One.
   298 | D        | Noticed a yak
   298 | D        | Noticed a shadow
   298 | D        | Noticed an acid dragon
   298 | D        | Noticed a kobold brigand
   306 | D        | Killed a kobold brigand
   307 | D        | Reached XP level 6. HP: 44/44 MP: 6/6
   312 | D        | Killed an acid dragon
   318 | D        | Killed a shadow
   318 | D        | Reached * piety under Okawaru
   319 | D        | Reached XP level 7. HP: 39/50 MP: 7/7
   330 | D        | Killed a yak
   564 | D        | Noticed a centaur warrior
   564 | D        | Noticed a troll
   564 | D        | Noticed a centaur warrior
   564 | D        | Noticed a troll
   564 | D        | Noticed a komodo dragon
   564 | D        | Noticed a shadow
   568 | D        | Killed a shadow
   568 | D        | Reached ** piety under Okawaru
   575 | D        | Noticed a tarantella
   575 | D        | a komodo dragon changed into a tarantella
   578 | D        | Killed a tarantella
   579 | D        | Reached skill level 10 in Fighting
   579 | D        | Reached skill level 10 in Armour
   579 | D        | Reached skill level 10 in Shields
   579 | D        | Reached XP level 8. HP: 7/57 MP: 8/8
   591 | D        | Killed a troll
   607 | D        | Killed a centaur warrior
   607 | D        | Reached *** piety under Okawaru
   608 | D        | Reached skill level 10 in Maces & Flails
   608 | D        | Reached XP level 9. HP: 28/64 MP: 9/9
   609 | D        | Killed a troll
   619 | D        | Killed a centaur warrior
   619 | D        | Reached **** piety under Okawaru
   619 | D        | Received a gift from Okawaru
  1087 | D        | Got Qonuqer's Collected Works on Spatial Creation
  1103 | D        | Noticed a cane toad
  1108 | D        | Noticed a cane toad
  1114 | D        | Received a gift from Okawaru
  1118 | D        | Killed a cane toad
  1118 | D        | Reached ***** piety under Okawaru
  1119 | D        | HP: 3/67 [blink frog (4)]
  1125 | D        | Reached XP level 10. HP: 18/72 MP: 7/10
  1142 | D        | Killed a cane toad
  1767 | D        | Noticed a black mamba
  1779 | D        | Killed a black mamba
  1867 | D        | Noticed a cane toad
  1883 | D        | Killed a cane toad
  2080 | D        | Noticed an elephant
  2080 | D        | Noticed an elephant
  2080 | D        | Noticed an elephant
  2080 | D        | Noticed an elephant
  2080 | D        | Noticed an elephant
  2080 | D        | Noticed an elephant
  2092 | D        | Killed an elephant
  2103 | D        | Killed an elephant
  2103 | D        | Reached ****** piety under Okawaru
  2103 | D        | Noticed an elephant
  2104 | D        | Reached XP level 11. HP: 43/80 MP: 11/11
  2151 | D        | Reached skill level 15 in Fighting
  2151 | D        | Reached skill level 15 in Armour
  2151 | D        | Reached skill level 15 in Shields
  2187 | D        | Identified the +3 mace of the Philosopher {antimagic, rPois
                  | rF++} (Okawaru gifted it to you in the Dungeon)
  2187 | D        | Received a gift from Okawaru
  2664 | D        | Noticed Gastronok
  2688 | D        | Killed Gastronok
  2916 | D        | Noticed an orc knight
  3317 | D        | Slain by an orc knight

Illustrated notes

Levels and vault maps discovered:
D:        linesprint [early_d, line_temple, items_1, d_10, items_2, lair_1,
          lair_end, items_3, orc_1, orc_end, items_4, d_15, swamp_1, shoals_1,
          snake_1, spider_1, d_20, vaults_1, items_5, swamp_end, shoals_end,
          snake_end, spider_end, vaults_end, d_27, items_6, zot_1, zot_end,
          crypt_end, forest_end, elf_end, slime_end, tomb_end, abyss_end,
          pan_hell_end]

Skill      XL: |  1  2  3  4  5  6  7  8  9 10 11 |
---------------+----------------------------------+-----
Fighting       | 5 6 7 8 10 11 12 14 15 | 15.7
Maces & Flails | 4 5 6 7 9 10 11 13 14 | 14.3
Armour         | 5 6 7 8 10 11 12 14 15 | 15.7
Shields        | 5 6 7 8 10 11 12 14 15 | 15.7

Action                   |  1- 3 |  4- 6 |  7- 9 | 10-12 || total
-------------------------+-------+-------+-------+-------++-------
Melee: Flail             |    35 |    43 |    73 |   207 ||   358
       Mace              |       |       |       |    65 ||    65
Invok: Heroism           |       |       |     1 |       ||     1
Evoke: Wand              |       |       |     6 |     2 ||     8
  Use: Potion            |     1 |     2 |     8 |     1 ||    12
       Scroll            |       |       |       |     2 ||     2
 Stab: Invisible         |       |     2 |       |       ||     2
Armor: Scale mail        |    17 |    18 |     7 |       ||    42
       Ring mail         |       |       |    40 |    83 ||   123
Dodge: Dodged            |    13 |    21 |    35 |    88 ||   157
Block: Buckler           |     5 |    14 |     3 |       ||    22
       Kite shield       |       |       |    59 |   132 ||   191

Table legend: (Time is in decaauts)
 A = Elapsed time spent in this place.
 B = Non-inter-level travel time spent in this place.
 C = Inter-level travel time spent in this place.
 D = Time resting spent in this place.
 E = Time spent auto-exploring this place.
 F = Levels seen in this place.
 G = Mean time per level.
                   A        B        C        D        E       F      G
               +--------+--------+--------+--------+--------+-----+--------+
         Total |   3277 |   3277 |      0 |   1959 |    570 |   1 | 3277.0 |
       Dungeon |   3277 |   3277 |      0 |   1959 |    570 |   1 | 3277.0 |
               +--------+--------+--------+--------+--------+-----+--------+

Top non-repeatable levels by time:
       D: 3277 daAuts
